 Dungeon Crawl Stone Soup version 0.30-a0-782-ge64f9170bb (webtiles) character file.

Game seed: 9578380403966458728

809 IndexError the Shooter (level 7, 0/38 HPs)
             Began as a Gargoyle Hexslinger on Feb 22, 2023.
             Was an Initiate of Hepliaklqana.
             Slain by an iguana (2 damage)
             ... on level 5 of the Dungeon.
             The game lasted 00:12:01 (4649 turns).

IndexError the Shooter (Gargoyle Hexslinger)        Turns: 4649, Time: 00:12:01

Health: 0/38       AC:  6    Str: 14    XL:     7   Next: 92%
Magic:  7/8        EV: 12    Int: 19    God:    Hepliaklqana [......]
Gold:   210        SH:  0    Dex: 12    Spells: 7/8 levels left

rFire   . . .      SeeInvis .    a - +1 sling
rCold   . . .      Faith    .    (no shield)
rNeg    + . .      Spirit   .    c - +0 robe
rPois   ∞          Reflect  .    (no helmet)
rElec   +          Harm     .    (no cloak)
rCorr   .          Rampage  .    (no gloves)
Will    .....                    (no boots)
Stlth   +                        A - amulet of regeneration {+regen, !d}
HPRegen 1.06/turn                v - +6 ring of intelligence
MPRegen 0.11/turn                (no ring)

@: no status effects
A: sickness immunity, AC +4, negative energy resistance 1, electricity
resistance, torment resistance 1, petrification resistance
a: Renounce Religion


You were on level 5 of the Dungeon.
You worshipped Hepliaklqana.
Hepliaklqana was noncommittal.
You visited 2 branches of the dungeon, and saw 6 of its levels.

You collected 210 gold pieces.

Inventory:

Hand Weapons
 a - a +1 sling (weapon)
Missiles
 K - 3 curare-tipped darts
 P - 3 atropa-tipped darts
Armour
 c - a +0 robe (worn)
 k - a +1 leather armour of willpower
   (You found it on level 1 of the Dungeon)
 m - a +0 ring mail
   (You found it on level 1 of the Dungeon)
 q - a +0 leather armour
   (You found it on level 2 of the Dungeon)
 r - a +0 ring mail
   (You found it on level 2 of the Dungeon)
 s - a +0 leather armour
   (You took it off an orc on level 3 of the Dungeon)
 t - a +0 scale mail
   (You took it off an orc on level 3 of the Dungeon)
 x - a +0 robe
   (You found it on level 3 of the Dungeon)
 y - a +0 scale mail
   (You found it on level 4 of the Dungeon)
 B - a +0 chain mail
   (You found it on level 4 of the Dungeon)
 C - a +0 robe
   (You took it off an orc wizard on level 3 of the Dungeon)
 D - a +0 leather armour
   (You took it off an orc on level 3 of the Dungeon)
 F - a +0 robe
   (You took it off an orc wizard on level 4 of the Dungeon)
 G - a +0 leather armour
   (You took it off an orc on level 4 of the Dungeon)
 I - a +0 robe
   (You took it off an orc wizard on level 4 of the Dungeon)
 J - a +0 leather armour
   (You took it off an orc on level 5 of the Dungeon)
 L - a +0 leather armour
   (You took it off an orc on level 5 of the Dungeon)
 M - a +0 chain mail
   (You took it off an orc on level 5 of the Dungeon)
 N - a +0 leather armour
   (You took it off an orc on level 5 of the Dungeon)
 O - a +0 leather armour
   (You took it off an orc on level 5 of the Dungeon)
Magical Staves
 H - a staff of cold {rC+}
   (You found it on level 4 of the Dungeon)
Jewellery
 v - a +6 ring of intelligence (left hand)
   (You found it on level 3 of the Dungeon)
 w - an amulet of reflection
   (You found it on level 3 of the Dungeon)
 A - an amulet of regeneration (around neck) {+regen, !d}
   (You found it on level 4 of the Dungeon)
Scrolls
 b - 2 scrolls of poison
 e - 4 scrolls of enchant weapon {unknown}
 i - 3 scrolls of identify {unknown}
 l - 3 scrolls of fear {unknown}
 n - 2 scrolls of fog {unknown}
 p - 3 scrolls of teleportation {unknown}
 u - a scroll of noise {unknown}
 E - a scroll of brand weapon {unknown}
Potions
 d - a potion of ambrosia {unknown}
 f - 2 potions of berserk rage {unknown}
 g - a potion of degeneration {unknown}
 h - 4 potions of curing {unknown}
 j - a potion of flight {unknown}
 o - a potion of attraction {unknown}
 z - 4 potions of heal wounds {unknown}


   Skills:
 - Level 1.1 Fighting
 * Level 6.8 Ranged Weapons
 - Level 1.5 Dodging
 - Level 1.0 Spellcasting
 + Level 5.7 Hexes


You had 7 spell levels left.
You knew the following spells:

 Your Spells              Type           Power      Damage    Failure   Level
s - Slow                  Hex            88%        N/A       1%          1

Your spell library contained the following spells:

 Spells                   Type           Power      Damage    Failure   Level
 Inner Flame              Hex/Fire       11%        N/A       17%         3
 Portal Projectile        Hex/Tloc       22%        N/A       17%         3
 Cause Fear               Hex            11%        N/A       19%         4
 Vhi's Electric Charge    Tloc/Air       0%         N/A       50%         3
 Arcjolt                  Conj/Air       0%         1d10      99%         5
 Maxwell's Capacitive Co  Air            0%         ∞         100%        8


Dungeon Overview and Level Annotations

Branches:
Dungeon (5/15)             Temple (1/1) D:4

Altars:
Ashenzari
Cheibriados
Dithmenos
Elyvilon
Fedhas
Gozag
Hepliaklqana
Kikubaaqudgha
Makhleb
Nemelex Xobeh
Okawaru
Qazlal
Ru
Sif Muna
Uskayaw
Vehumet
Wu Jian
Xom
Yredelemnul
The Shining One

Shops:
D:1 =   D:2 *=:


Innate Abilities, Weirdness & Mutations

You are immune to sickness and miasma.
Your stone body is resilient. (AC +4)
You are immune to poison.
You resist negative energy. (rN+)
You are resistant to electric shocks. (rElec)
You are resistant to unholy torment.
You are immune to petrification.


Message History

No target in view!
No target in view!
You see here a scorpion corpse.
You open the door.
There is an open door here.
There is an open door here.
You open the door.
There is an open door here.
An iguana comes into view.
The iguana hisses angrily.
Health restored: 38
Casting: Slow (safe; 1% risk of failure)
Confirm with . or Enter, or press ? or * to list all spells.
Aiming: Slow (safe; 1% risk of failure)
Press: ? - help, Shift-Dir - straight line, f - iguana
Aim: an iguana (chance to affect: 63%)
The iguana resists with significant effort.
You now have 7/8 mp.
Casting: Slow (safe; 1% risk of failure)
Confirm with . or Enter, or press ? or * to list all spells.
Aiming: Slow (safe; 1% risk of failure)
Press: ? - help, Shift-Dir - straight line, f/p - iguana
Aim: an iguana (chance to affect: 63%)
The iguana seems to slow down.
You now have 6/8 mp.
You shoot a sling bullet.
The sling bullet completely misses the iguana.
The iguana bites you.
You take 5 damage, and have 33/38 hp.
You shoot a sling bullet. The sling bullet hits the iguana.
You shoot a sling bullet.
The sling bullet barely misses the iguana.
The iguana barely misses you.
You shoot a sling bullet.
The sling bullet barely misses the iguana.
The iguana bites you but does no damage.
You shoot a sling bullet. The sling bullet hits the iguana.
The iguana misses you.
You shoot a sling bullet.
The sling bullet closely misses the iguana.
You shoot a sling bullet.
The sling bullet hits the iguana but does no damage.
The iguana bites you!
You shoot a sling bullet. The sling bullet hits the iguana.
The iguana misses you.
You shoot a sling bullet.
The sling bullet hits the iguana but does no damage.
The iguana bites you!
You shoot a sling bullet.
The sling bullet hits the iguana but does no damage.
You shoot a sling bullet.
The sling bullet closely misses the iguana.
The iguana bites you!
You are too injured to fight recklessly!
You are too injured to fight recklessly!
You are too injured to fight recklessly!
You are too injured to fight recklessly!
You are too injured to fight recklessly!
You are too injured to fight recklessly!
You are too injured to fight recklessly!
You are too injured to fight recklessly!
You are too injured to fight recklessly!
You are too injured to fight recklessly!
You are too injured to fight recklessly!
You are too injured to fight recklessly!
You are too injured to fight recklessly!
You are too injured to fight recklessly!
You are too injured to fight recklessly!
You are too injured to fight recklessly!
You are too injured to fight recklessly!
You are too injured to fight recklessly!
You are too injured to fight recklessly!
You take 16 damage, and have 17/38 hp.
MASSIVE DAMAGE!!
You are too injured to fight recklessly!
You are too injured to fight recklessly!
Fire: a) +1 sling
Press: ? - help, Q - select action Shift-Dir - straight line, f/p - iguana
Aim: an iguana (severely wounded, slow, 63% to hit)
You shoot a sling bullet. The sling bullet hits the iguana.
The iguana bites you!
* * * LOW HITPOINT WARNING * * *
You take 7 damage, and have 10/38 hp.
Fire: a) +1 sling
Press: ? - help, Q - select action Shift-Dir - straight line, f/p - iguana
Aim: an iguana (severely wounded, slow, 63% to hit)
You shoot a sling bullet. The sling bullet hits the iguana.
Fire: a) +1 sling
Press: ? - help, Q - select action Shift-Dir - straight line, f/p - iguana
Aim: an iguana (almost dead, slow, 63% to hit)
You shoot a sling bullet.
The sling bullet closely misses the iguana.
The iguana bites you!
* * * LOW HITPOINT WARNING * * *
Fire: a) +1 sling
Press: ? - help, Q - select action Shift-Dir - straight line, f/p - iguana
Aim: an iguana (almost dead, slow, 63% to hit)
You shoot a sling bullet.
The sling bullet closely misses the iguana.
The iguana bites you.
You die...

.................... #
############.####### ..
#.....####.#######.#
#.....+..<..........
#.....###.......##. #
#...............#
###.###...........#
+...########......##..#
###...........>.@.....#
'...............l###..#
###......#######... .#
# ####...# ###. # #
#.#.# .# #.# # #.#.# #
#.# # #.#.#### # #.#
######.#....#######...#
#.#
......................#
#.#


You could see an iguana (slow).

Vanquished Creatures
  A black bear (D:5)
  An ogre (D:5)
  3 scorpions
  2 hounds (D:5)
  3 orc wizards
  3 iguanas
  7 adders
  5 gnolls
  A worm (D:3)
  4 dart slugs (D:4)
  22 orcs
  4 endoplasms
  2 giant cockroaches
  11 hobgoblins
  11 jackals
  9 kobolds
  3 quokkas
  3 ball pythons
  4 bats
  4 frilled lizards
  7 goblins
  A rat (D:1)
111 creatures vanquished.

Vanquished Creatures (others)
  A plant (D:5)
1 creature vanquished.

Grand Total: 112 creatures vanquished

Notes
Turn   | Place    | Note
-------+----------+-------------------------------------------
     0 | D:1      | IndexError the Gargoyle Hexslinger began the quest for the
                  | Orb.
     0 | D:1      | Reached XP level 1. HP: 12/12 MP: 2/2
   101 | D:1      | Reached skill level 3 in Hexes
   101 | D:1      | Reached XP level 2. HP: 13/16 MP: 1/3
   175 | D:1      | Found Lufiylam's Jewellery Shoppe.
   546 | D:1      | Reached XP level 3. HP: 20/20 MP: 2/4
   609 | D:2      | Found Piuweo's Assorted Antiques.
   640 | D:1      | Reached skill level 3 in Ranged Weapons
   851 | D:2      | Found Hixtos's Jewellery Emporium.
   876 | D:2      | Found Retep's Book Boutique.
   901 | D:2      | Reached XP level 4. HP: 24/25 MP: 5/5
  1101 | D:2      | HP: 5/25 [iguana (6)]
  1106 | D:2      | HP: 3/25 [adder (2)]
  1108 | D:2      | HP: 1/25 [jackal (1)]
  1424 | D:3      | Reached skill level 4 in Hexes
  1487 | D:3      | Reached XP level 5. HP: 29/29 MP: 6/6
  1597 | D:3      | Reached skill level 4 in Ranged Weapons
  1866 | D:3      | Reached XP level 6. HP: 28/34 MP: 5/7
  2944 | D:3      | Reached skill level 5 in Ranged Weapons
  3186 | D:4      | Found a staircase to the Ecumenical Temple.
  3229 | D:4      | Reached skill level 5 in Hexes
  3443 | Temple   | Entered the Ecumenical Temple
  3674 | Temple   | Became a worshipper of Hepliaklqana the Forgotten
  3710 | D:5      | Entered Level 5 of the Dungeon
  3730 | D:5      | Reached XP level 7. HP: 18/38 MP: 5/8
  4175 | D:5      | Reached skill level 6 in Ranged Weapons
  4349 | D:5      | HP: 9/38 [orc/+0 club (2)]
  4354 | D:5      | HP: 8/38 [orc/+0 club (2)]
  4648 | D:5      | HP: 1/38 [iguana (11)]
  4649 | D:5      | Slain by an iguana

Illustrated notes

Levels and vault maps discovered:
D:1:      onia_arrival_pentagram, layout_basic, serial_shops, shop,
          minmay_misc_feat_five
D:2:      layout_rooms, serial_shops, nicolae_shop_behind_doors,
          nicolae_diamond_shop, nicolae_diamond_shop, grunt_ministairs_7
D:3:      layout_basic, mrwooster_statue_mirror, dk_noncrumbling_3
D:4:      layout_basic, minmay_temple_entry_fiery, kennysheep_cross_bottleneck,
          minmay_circle_x
D:5:      corexii_shack_village, layout_basic
Temple:   nicolae_temple_bog_church

Skill      XL: |  1  2  3  4  5  6  7 |
---------------+----------------------+-----
Hexes          | 3 4 5 |  5.7
Ranged Weapons | 3 4 5 6 |  6.8
Fighting       | |  1.1
Dodging        | |  1.5
Spellcasting   | |  1.0

Action                     |  1- 3 |  4- 6 |  7- 9 || total
---------------------------+-------+-------+-------++-------
  Melee: Sling             |       |     1 |       ||     1
   Fire: Sling             |   129 |   322 |   209 ||   660
   Cast: Slow              |     6 |    30 |    16 ||    52
 Armour: Robe              |    49 |    71 |    63 ||   183
  Dodge: Dodged            |    96 |   126 |   130 ||   352
  Block: Other             |       |     1 |       ||     1

Table legend: (Time is in decaauts)
 A = Elapsed time spent in this place.
 B = Non-inter-level travel time spent in this place.
 C = Inter-level travel time spent in this place.
 D = Time resting spent in this place.
 E = Time spent auto-exploring this place.
 F = Levels seen in this place.
 G = Mean time per level.
                   A        B        C        D        E       F      G
               +--------+--------+--------+--------+--------+-----+--------+
         Total |   4771 |   4332 |    439 |      0 |   3136 |   6 |  795.2 |
       Dungeon |   4518 |   4132 |    386 |      0 |   2956 |   5 |  903.6 |
        Temple |    252 |    199 |     53 |      0 |    180 |   1 |  252.0 |
               +--------+--------+--------+--------+--------+-----+--------+

Top non-repeatable levels by time:
     D:3: 1233 daAuts
     D:4: 984 daAuts
     D:5: 876 daAuts
     D:1: 779 daAuts
     D:2: 645 daAuts
  Temple: 252 daAuts

Table legend:
 A = Kills in this place as a percentage of kills in entire the game.
 B = Kills by you in this place as a percentage of kills by you in the entire game.
 C = Kills by friends in this place as a percentage of kills by friends in the entire game.
 D = Other kills in this place as a percentage of other kills in the entire game.
 E = Experience gained in this place as a percentage of experience gained in the entire game.
 F = Experience gained in this place divided by the number of levels of this place that you have seen.
                   A       B       C       D       E      F
               +-------+-------+-------+-------+-------+----------------------
         Total | 100.0 | 100.0 |   N/A |   N/A | 100.0 | 192.8
       Dungeon | 100.0 | 100.0 |   N/A |   N/A | 100.0 | 231.4
               +-------+-------+-------+-------+-------+----------------------
